 Dungeon Crawl Stone Soup version 0.30-a0-168-g0b976cbdc4 (webtiles) character file.

Game seed: 5212634208314280790

742 qw the Chopper (level 7, -2/44 HPs)
             Began as a Gargoyle Fighter on Sept 29, 2022.
             Was an Initiate of Okawaru.
             Slain by a killer bee (7 damage)
             ... on level 5 of the Dungeon.
             The game lasted 00:01:40 (4873 turns).

qw the Chopper (Gargoyle Fighter)                   Turns: 4873, Time: 00:01:40

Health: -2/44      AC: 18    Str: 21 (22) XL:     7   Next: 76%
Magic:  7/7        EV:  7    Int:  7 (8)  God:    Okawaru [......]
Gold:   207        SH:  4    Dex:  8 (9)  Spells: 6/6 levels left

rFire   . . .      SeeInvis .    Y - +1 war axe
rCold   + . .      Faith    .    c - +0 buckler
rNeg    + . .      Spirit   .    i - +2 chain mail {rC+}
rPois   inf        Reflect  .    (no helmet)
rElec   +          Harm     .    h - +0 cloak
rCorr   .          Rampage  .    g - +0 pair of gloves
Will    .....                    (no boots)
Stlth   ..........               (no amulet)
HPRegen 0.14/turn                (no ring)
MPRegen 0.10/turn                (no ring)

@: no status effects
A: sickness immunity, AC +4, negative energy resistance 1, electricity
resistance, torment resistance 1, petrification resistance
a: Renounce Religion


You were on level 5 of the Dungeon.
You worshipped Okawaru.
Okawaru was noncommittal.
You visited 2 branches of the dungeon, and saw 7 of its levels.

You collected 207 gold pieces.


Innate Abilities, Weirdness & Mutations

You are immune to sickness and miasma.
Your stone body is resilient. (AC +4)
You are immune to poison.
You resist negative energy. (rN+)
You are resistant to electric shocks. (rElec)
You are resistant to unholy torment.
You are immune to petrification.


   Skills:
 - Level 5.0 Fighting
 - Level 7.0 Axes
 + Level 0.0 Throwing
 - Level 3.2 Armour
 - Level 1.0 Dodging
 - Level 3.2 Shields
 - Level 0.2 Invocations


You had 6 spell levels left.
You didn't know any spells.
Your spell library was empty.

Inventory:

Hand Weapons
 o - a +0 flail
 Y - a +1 war axe (weapon)
Missiles
 b - 7 boomerangs (quivered)
Armour
 c - a +0 buckler (worn)
 g - a +0 pair of gloves (worn)
 h - a +0 cloak (worn)
 i - a +2 chain mail of cold resistance (worn)
Scrolls
 a - a scroll of identify
Potions
 d - a potion of might
 e - a potion of haste
 f - a potion of curing
 j - a potion of mutation
 k - 2 potions of lignification
 l - a potion of resistance {unknown}
 n - a potion of flight {unknown}

Dungeon Overview and Level Annotations

Branches:
Dungeon (6/15)             Temple (1/1) D:4

Altars:
Ashenzari
Dithmenos
Elyvilon
Fedhas
Gozag
Hepliaklqana
Makhleb
Nemelex Xobeh
Okawaru
Qazlal
Ru
Sif Muna
Trog
Uskayaw
Vehumet
Yredelemnul
Zin
The Shining One

Shops:
D:1 [   D:2 [   D:4 =

Annotations:
D:4 3 runed translucent doors, qw's ghost, amateur GrFi


Message History

The killer bee is moderately wounded.
You miss the killer bee.
The killer bee stings you but does no damage. x3
The killer bee stings you.
You miss the killer bee.
The killer bee is moderately wounded.
You barely miss the killer bee. The killer bee stings you!
The killer bee stings you but does no damage.
The killer bee stings you. The killer bee stings you!
You closely miss the killer bee.
The killer bee is moderately wounded.
You barely miss the killer bee. The killer bee barely misses you.
The killer bee stings you.
The killer bee stings you but does no damage. x2
You closely miss the killer bee.
The killer bee is moderately wounded.
You hit the killer bee.
The killer bee stings you. x2; The killer bee completely misses you.
You block the killer bee's attack.
The killer bee stings you but does no damage.
The killer bee stings you.
You barely miss the killer bee.
The killer bee is moderately wounded.
You barely miss the killer bee. The killer bee closely misses you.
The killer bee barely misses you. The killer bee stings you!
The killer bee stings you but does no damage.
You miss the killer bee.
The killer bee is moderately wounded.
You barely miss the killer bee. You block the killer bee's attack.
The killer bee stings you but does no damage.
The killer bee barely misses you. x2
You barely miss the killer bee.
The killer bee is moderately wounded.
You miss the killer bee.
The killer bee stings you but does no damage.
The killer bee stings you!
You die...

#.########.# #.#
#.#..# #.# #.# #.#
#.######### #.#
#.#
#<###..........
#.# #.#
####....#######.
#.# #.#
#..'............
#.# #.#
###.##....#######.
#.# #.#
#...####### #. #.#
####)###.### #.
#.# #......y@# #.
#.#####......#y#
###.
#.....#......#.#
#...
#.....########.#
#... #.....# #.#
#... #.....#
#.###### #...
#####.# #......#
#... #....#
#......# #...
#....# #......#
#...


You could see 2 killer bees.

Vanquished Creatures
  A black bear (D:4)
  2 phantoms (D:4)
  A kobold brigand (D:5)
  4 hounds
  2 jellies (D:5)
  2 iguanas (D:4)
  Terence (D:2)
  4 gnolls (D:5)
  6 adders
  An ufetubus (D:5)
  2 worms
  3 orcs
  3 ball pythons
  5 endoplasms
  4 giant cockroaches
  7 goblins
  6 hobgoblins
  8 jackals
  2 quokkas
  4 bats
  2 frilled lizards
  11 kobolds
  5 rats
86 creatures vanquished.

Notes
Turn   | Place    | Note
-------+----------+-------------------------------------------
     0 | D:1      | qw the Gargoyle Fighter began the quest for the Orb.
     0 | D:1      | Reached XP level 1. HP: 14/14 MP: 1/1
     0 | D:1      | 0 ||| qw: Version: 0.2-a-12-gaebbb33
     0 | D:1      | 0 ||| qw: Game counter: 1103
     0 | D:1      | 0 ||| qw: Always use a shield: true
     0 | D:1      | 0 ||| qw: God list: Okawaru
     0 | D:1      | 0 ||| qw: Allow faded altars: false
     0 | D:1      | 0 ||| qw: Do Orc after D:15 true
     0 | D:1      | 0 ||| qw: Do second Lair branch before Depths: true
     0 | D:1      | 0 ||| qw: Lair rune preference: random
     0 | D:1      | 0 ||| qw: Plans: Normal, Zot:1-4, God:TSO, Crypt, Tomb,
                  | Pan, Slime:5, Hells, Abyss, Orb
     0 | D:1      | 0 ||| PLANNING D:1-11
     1 | D:1      | Found a hide-covered altar of Uskayaw.
    31 | D:1      | Reached skill level 2 in Axes
   215 | D:1      | 215 ||| Stepping ~*~*~tactically~*~*~ (stealth).
   234 | D:1      | Reached XP level 2. HP: 16/19 MP: 2/2
   415 | D:1      | Found Anothim's Armour Shop.
   422 | D:1      | 422 ||| SHOPLISTING +0 cloak (54 gold, have 32).
   422 | D:1      | 422 ||| SHOPLISTING +0 pair of gloves (54 gold, have 32).
   779 | D:1      | 779 ||| Stepping ~*~*~tactically~*~*~ (stealth).
   784 | D:1      | 784 ||| DROPPING +0 club.
   936 | D:1      | Reached skill level 3 in Axes
  1014 | D:1      | 1014 ||| UPGRADING to +0 chain mail.
  1024 | D:1      | 1024 ||| DROPPING +0 scale mail.
  1025 | D:1      | 1025 ||| READING scroll labelled VOZOFI JENNOFUAWIT.
  1026 | D:1      | 1026 ||| READING scroll labelled JUADIB YMIOHER.
  1027 | D:1      | 1027 ||| READING scroll labelled RONLOU EVUODGH.
  1028 | D:1      | 1028 ||| READING scroll labelled KENIFO QUHUFI.
  1043 | D:2      | 1043 ||| STAIRDANCE
  1052 | D:2      | Reached XP level 3. HP: 23/23 MP: 3/3
  1150 | D:2      | 1150 ||| Stepping ~*~*~tactically~*~*~ (stealth).
  1304 | D:2      | Reached XP level 4. HP: 28/28 MP: 4/4
  1488 | D:2      | Found Galefrusch's Antique Armour Shop.
  1488 | D:2      | Noticed Terence
  1489 | D:2      | 1489 ||| Stepping ~*~*~tactically~*~*~ (stealth).
  1501 | D:2      | Killed Terence
  1502 | D:2      | Reached skill level 4 in Axes
  1533 | D:2      | 1533 ||| SHOPLISTING runed troll leather armour (342 gold,
                  | have 78).
  1533 | D:2      | 1533 ||| SHOPLISTING shiny chain mail (142 gold, have 78).
  1676 | D:2      | Found a faded altar of an unknown god.
  1764 | D:2      | 1764 ||| DROPPING +0 whip.
  1829 | D:2      | 1829 ||| UPGRADING to +0 cloak.
  1834 | D:2      | 1834 ||| UPGRADING to +2 chain mail of cold resistance.
  1844 | D:2      | 1844 ||| DROPPING +0 chain mail.
  1845 | D:2      | 1845 ||| READING scroll labelled XIOCZEE YLUBLU.
  1899 | D:2      | 1899 ||| READING scroll labelled VOANGI JOPIERA.
  1900 | D:2      | 1900 ||| READING scroll labelled UNENAU QOUNLECW.
  1904 | D:2      | 1904 ||| READING 3 scrolls of identify.
  1904 | D:2      | 1904 ||| IDENTIFYING white potion
  1905 | D:2      | 1905 ||| READING 2 scrolls of identify.
  1905 | D:2      | 1905 ||| IDENTIFYING smoky yellow potion
  2107 | D:3      | 2107 ||| FLEEEEING.
  2108 | D:3      | 2108 ||| FLEEEEING.
  2111 | D:3      | 2111 ||| FLEEEEING.
  2112 | D:3      | 2112 ||| FLEEEEING.
  2113 | D:3      | 2113 ||| FLEEEEING.
  2114 | D:3      | 2114 ||| FLEEEEING.
  2115 | D:3      | 2115 ||| FLEEEEING.
  2116 | D:3      | 2116 ||| FLEEEEING.
  2117 | D:3      | 2117 ||| FLEEEEING.
  2119 | D:3      | 2119 ||| FLEEEEING.
  2120 | D:3      | 2120 ||| FLEEEEING.
  2126 | D:3      | 2126 ||| FLEEEEING.
  2334 | D:3      | 2334 ||| Stepping ~*~*~tactically~*~*~ (stealth).
  2337 | D:3      | 2337 ||| Stepping ~*~*~tactically~*~*~ (stealth).
  2339 | D:3      | Reached XP level 5. HP: 32/32 MP: 5/5
  2489 | D:3      | 2489 ||| Stepping ~*~*~tactically~*~*~ (stealth).
  2654 | D:3      | 2654 ||| UPGRADING to +0 pair of gloves.
  2659 | D:3      | 2659 ||| READING scroll labelled GEHOED ZUOGUE.
  2660 | D:3      | 2660 ||| READING scroll labelled SAMICI XEXI.
  2661 | D:3      | 2661 ||| READING 3 scrolls of identify.
  2661 | D:3      | 2661 ||| IDENTIFYING bubbling black potion
  2740 | D:4      | Noticed a black bear
  2741 | D:4      | 2741 ||| Stepping ~*~*~tactically~*~*~ (stealth).
  2753 | D:4      | Killed a black bear
  2754 | D:4      | Reached skill level 5 in Axes
  2854 | D:4      | 2854 ||| FLEEEEING.
  2855 | D:4      | 2855 ||| FLEEEEING.
  2856 | D:4      | 2856 ||| FLEEEEING.
  2857 | D:4      | 2857 ||| STAIRDANCE
  2904 | D:4      | 2904 ||| STAIRDANCE
  2911 | D:4      | 2911 ||| STAIRDANCE
  2915 | D:3      | Reached XP level 6. HP: 37/37 MP: 6/6
  2946 | D:4      | Found a staircase to the Ecumenical Temple.
  2947 | D:4      | 2947 ||| PLANNING TEMPLE
  2955 | Temple   | Entered the Ecumenical Temple
  3035 | Temple   | 3035 ||| PLANNING OKAWARU WORSHIP
  3109 | Temple   | Became a worshipper of Warmaster Okawaru
  3110 | Temple   | 3110 ||| PLANNING D:1-11
  3405 | D:4      | Found a runed translucent gate.
  3405 | D:4      | Found a runed translucent gate.
  3407 | D:4      | Found an opulent altar of Gozag.
  3408 | D:4      | Found a runed translucent gate.
  3409 | D:4      | Noticed qw's ghost (amateur GrFi)
  3505 | D:4      | 3505 ||| Stepping ~*~*~tactically~*~*~ (stealth).
  3507 | D:4      | 3507 ||| Stepping ~*~*~tactically~*~*~ (stealth).
  3595 | D:4      | Reached skill level 6 in Axes
  3595 | D:4      | Reached XP level 7. HP: 39/44 MP: 7/7
  3685 | D:4      | Found Utriash's Jewellery Boutique.
  3699 | D:4      | 3699 ||| SHOPLISTING +4 ring of protection (504 gold, have
                  | 197).
  3699 | D:4      | 3699 ||| SHOPLISTING +6 ring of dexterity (504 gold, have
                  | 197).
  3699 | D:4      | 3699 ||| SHOPLISTING amulet of reflection (420 gold, have
                  | 197).
  3699 | D:4      | 3699 ||| SHOPLISTING amulet of the acrobat (420 gold, have
                  | 197).
  3699 | D:4      | 3699 ||| SHOPLISTING ring of ice (350 gold, have 197).
  3699 | D:4      | 3699 ||| SHOPLISTING ring of protection from cold (350
                  | gold, have 197).
  3834 | D:4      | Reached skill level 1 in Dodging
  3896 | D:4      | 3896 ||| READING scroll labelled FAPNOXKORIY.
  3897 | D:4      | 3897 ||| READING 2 scrolls of identify.
  3897 | D:4      | 3897 ||| IDENTIFYING golden potion
  3941 | D:5      | Entered Level 5 of the Dungeon
  4305 | D:5      | Reached skill level 7 in Axes
  4307 | D:5      | Reached * piety under Okawaru
  4311 | D:5      | 4311 ||| Stepping ~*~*~tactically~*~*~ (stealth).
  4312 | D:5      | 4312 ||| Stepping ~*~*~tactically~*~*~ (stealth).
  4314 | D:5      | 4314 ||| Stepping ~*~*~tactically~*~*~ (hiding).
  4319 | D:5      | 4319 ||| INVOKING Heroism.
  4421 | D:5      | 4421 ||| DROPPING +2 whip of draining.
  4811 | D:5      | 4811 ||| DRINKING 2 coppery potions.
  4812 | D:5      | 4812 ||| DROPPING potion of degeneration.
  4865 | D:6      | 4865 ||| STAIRDANCE
  4871 | D:5      | HP: 5/44 [killer bee (7)]
  4873 | D:5      | Slain by a killer bee

Levels and vault maps discovered:
D:1:      sevenhm_arrival_forest_fort_small_6, layout_basic, serial_shops, shop,
          kennysheep_another_room, amethyst_killhole
D:2:      layout_basic, shapermc_ecumenical_altar_totnotflames, serial_shops,
          nicolae_square_shop, nicolae_kite_square_tiling_tiny, uniq_terence
D:3:      layout_basic, minmay_box_of_dots
D:4:      layout_basic, temple_statues, ebering_ghost_gozag, serial_shops,
          nicolae_shop_statue_plus
D:5:      layout_basic
D:6:      layout_rooms, kennysheep_little_box, pf_just_have_faith, serial_shops,
          shop_fountains, chequers_decorated_corner
Temple:   minmay_crystal_spiral_temple

Skill      XL: |  1  2  3  4  5  6  7 |
---------------+----------------------+-----
Axes           | 2 3 4 5 6 7 |  7.0
Fighting       | 4 5 |  5.0
Dodging        | 1 |  1.0
Armour         | |  3.2
Shields        | |  3.2
Invocations    | |  0.2

Action                   |  1- 3 |  4- 6 |  7- 9 || total
-------------------------+-------+-------+-------++-------
Melee: War axe           |    89 |   135 |    61 ||   285
Throw: Boomerang         |       |    46 |    26 ||    72
Invok: Heroism           |       |       |     1 ||     1
  Use: Scroll            |     4 |     8 |     2 ||    14
       Potion            |       |       |     1 ||     1
Armor: Scale mail        |    36 |       |       ||    36
       Chain mail        |    11 |   102 |    48 ||   161
Dodge: Dodged            |    43 |    67 |    38 ||   148
Block: Buckler           |    14 |    21 |     8 ||    43

Table legend:
 A = Non-vault XP
 B = Vault XP
 C = Vault XP percentage of total XP
 D = Non-vault monster count
 E = Vault monster count
 F = Vault count percentage of total count
                 A         B        C        D         E       F
            +---------+---------+-------+---------+---------+-------
      Total |    1010 |      51 |   4.8 |      83 |       3 |   3.5
            +---------+---------+-------+---------+---------+-------
        D:1 |      32 |       0 |   0.0 |      21 |       0 |   0.0
        D:2 |      72 |      36 |  33.3 |      14 |       1 |   6.7
        D:3 |      27 |      15 |  35.7 |      14 |       2 |  12.5
        D:4 |     500 |       0 |   0.0 |      21 |       0 |   0.0
        D:5 |     379 |       0 |   0.0 |      13 |       0 |   0.0
            +---------+---------+-------+---------+---------+-------
